 Dungeon Crawl Stone Soup version 0.28-a0-819-g6ef7baa362 (webtiles) character file.

Game seed: 17159210971740300912

208278 ders the Earth Mage (level 18, 0/94 HPs)
             Began as a Gargoyle Earth Elementalist on Nov 8, 2021.
             Was the Champion of Vehumet.
             Constricted to death by a shambling mangrove (10 damage)
             ... on level 4 of the Swamp.
             The game lasted 02:13:25 (42736 turns).

ders the Earth Mage (Gargoyle Earth Elementalist)  Turns: 42736, Time: 02:13:26

Health: 0/94       AC: 23    Str: 12    XL:     18   Next: 78%
Magic:  39/39      EV: 10    Int: 26    God:    Vehumet [******]
Gold:   3113       SH:  0    Dex: 19    Spells: 10/52 levels left

rFire   . . .      SeeInvis +   b - +0 staff of Battle
rCold   + . .      Faith    .   P - +0 buckler
rNeg    + . .      Spirit   .   X - +2 robe {rF+}
rPois   ∞          Reflect  .   x - +2 hat {Stlth+}
rElec   +          Harm     .   (no cloak)
rCorr   .          Rampage  .   (no gloves)
Will    +....                   q - +2 pair of boots
Stlth   ++........              I - amulet of magic regeneration
HPRegen 0.25/turn               r - ring "Muwa Ala" {Ice Int+3 Dex+8}
MPRegen 0.51/turn               J - ring of see invisible

@: confused, ambrosia-drunk, grasped by roots, flying, constricted
A: sickness immunity, AC +13, big wings, negative energy resistance 1,
electricity resistance, torment resistance 1, petrification resistance
}: 1/15 runes: gossamer
a: Renounce Religion


You were on level 4 of the Swamp.
You worshipped Vehumet.
Vehumet was exalted by your worship.
You visited 7 branches of the dungeon, and saw 33 of its levels.
You also visited: Gauntlet.

You collected 3248 gold pieces.
You spent 135 gold pieces at shops.

Inventory:

Hand Weapons
 b - the +0 staff of Battle (weapon)
   (You acquired it on level 12 of the Dungeon)

   It enhances your conjuration magic.
   It summons a battlesphere in combat, with strength depending on Conjurations
   skill.
   Its strikes trigger the battlesphere's blasts.
 T - the +9 heavy crossbow "Sniper" {vorpal, Acc+∞ SInv}
   (You found it in a Gauntlet)

   Any ammunition fired from it inflicts extra damage upon your enemies.
   Any ammunition fired from it never misses its target.
   SInv:      It lets you see invisible.
Missiles
 c - 681 stones
 y - 3 throwing nets
Armour
 q - a +2 pair of boots (worn)
 x - a +2 hat of stealth (worn)
 K - a +4 troll leather armour
 P - a +0 buckler (worn)
 X - a +2 robe of fire resistance (worn)
Magical Staves
 B - a staff of fire
 V - a staff of conjuration
Jewellery
 l - a ring of resist corrosion
 m - an amulet of reflection
 r - the ring "Muwa Ala" (left hand) {Ice Int+3 Dex+8}
   (You acquired it on level 2 of the Swamp)

   [ring of ice]

   It enhances your ice magic.
   Int:       It affects your intelligence (+3).
   Dex:       It affects your dexterity (+8).
   rF:        It makes you vulnerable to fire.
   rC:        It protects you from cold.
 E - a +4 ring of evasion
 I - an amulet of magic regeneration (around neck)
 J - a ring of see invisible (right hand)
 M - a ring of willpower
 U - a +4 ring of evasion
Wands
 d - a wand of acid (8)
 h - a wand of charming (7)
 p - a wand of iceblast (4)
 v - a wand of mindburst (24)
 z - a wand of digging (8)
 S - a wand of paralysis (14)
Scrolls
 a - 6 scrolls of identify
 e - 13 scrolls of teleportation
 f - 4 scrolls of silence
 i - a scroll of amnesia
 o - 2 scrolls of magic mapping
 s - 6 scrolls of enchant weapon
 t - 3 scrolls of fog
 F - a scroll of blinking
 O - 2 scrolls of fear
 Q - 2 scrolls of holy word
 W - a scroll of summoning
Potions
 g - 2 potions of lignification
 j - 6 potions of curing
 k - 6 potions of might
 n - 3 potions of haste
 u - a potion of heal wounds
 w - a potion of cancellation
 A - 2 potions of resistance
 C - 2 potions of invisibility
 D - 2 potions of brilliance
 G - 2 potions of magic
 L - 5 potions of ambrosia
 Z - 2 potions of mutation
Miscellaneous
 N - a phial of floods
 R - a condenser vane


   Skills:
 - Level 4.0 Fighting
 - Level 0.6 Staves
 + Level 5.3 Armour
 + Level 3.4 Dodging
 + Level 3.1 Stealth
 - Level 4.0 Shields
 + Level 17.7 Spellcasting
 + Level 19.3 Conjurations
 + Level 4.1 Hexes
 + Level 1.9 Transmutations
 * Level 8.6 Fire Magic
 + Level 1.1 Ice Magic
 + Level 20.1 Earth Magic


You had 10 spell levels left.
You knew the following spells:

 Your Spells              Type           Power      Damage    Failure   Level
a - Iron Shot             Conj/Erth      56%        9d11      1%          6
b - Sandblast             Erth           100%       2d20      0%          1
c - Petrify               Tmut/Erth      69%        N/A       1%          4
d - Dazzling Flash        Conj/Hex       100%       N/A       1%          3
e - Slow                  Hex            100%       N/A       1%          1
f - Orb of Destruction    Conj           55%        9d16      1%          7
g - Fulminant Prism       Conj/Hex       45%        3d21      1%          4
h - Ignition              Fire           30%        3d10      65%         8
i - Flame Wave            Conj/Fire      97%        3d16      1%          4
j - Apportation           Tloc           46%        N/A       1%          1
k - Stone Arrow           Conj/Erth      100%       3d13      0%          3

Your spell library contained the following spells:

 Spells                   Type           Power      Damage    Failure   Level
 Shatter                  Erth           45%        3d35*     16%         9
 Maxwell's Capacitive Co  Air            11%        ∞         100%        8
 Polar Vortex             Ice            21%        N/A       100%        9
 Conjure Flame            Conj/Fire      97%        6-21      0%          3
 Lee's Rapid Deconstruct  Erth           45%        3d23*     0%          5
 Summon Small Mammal      Summ           92%        N/A       1%          1
 Ensorcelled Hibernation  Hex/Ice        100%       N/A       1%          2
 Passwall                 Tmut/Erth      57%        N/A       1%          2
 Scorch                   Fire           100%       2d10      1%          2
 Wereblood                Tmut           33%        N/A       1%          2
 Confusing Touch          Hex            44%        N/A       1%          3
 Ignite Poison            Fire/Tmut/Pois 41%        N/A       1%          3
 Animate Armour           Summ/Erth      100%       N/A       1%          4
 Hailstorm                Conj/Ice       100%       3d20      1%          4
 Sticky Flame             Conj/Fire      97%        2d11      1%          4
 Lehudib's Crystal Spear  Conj/Erth      56%        10d13     1%          8
 Summon Guardian Golem    Hex/Summ       33%        N/A       2%          3
 Corpse Rot               Necr/Air       46%        N/A       3%          2
 Spider Form              Tmut/Pois      28%        N/A       4%          3
 Yara's Violent Unravell  Hex/Tmut       19%        3d9       4%          5
 Call Canine Familiar     Summ           23%        N/A       6%          3
 Ice Form                 Ice/Tmut       46%        N/A       11%         4
 Dispel Undead            Necr           23%        3d12      21%         4
 Passage of Golubria      Tloc           23%        N/A       21%         4
 Silence                  Hex/Air        16%        N/A       26%         5
 Alistair's Intoxication  Tmut/Pois      18%        N/A       36%         5
 Invisibility             Hex            22%        N/A       52%         6
 Simulacrum               Ice/Necr       19%        N/A       95%         6
 Death Channel            Necr           11%        N/A       97%         6
 Summon Cactus Giant      Summ           11%        N/A       97%         6
 Summon Hydra             Summ           11%        N/A       100%        7
 Borgnjor's Revivificati  Necr           11%        N/A       100%        8
 Necromutation            Tmut/Necr      14%        N/A       100%        8
 Death's Door             Necr           11%        N/A       100%        9
 Sublimation of Blood     Necr           Unusable   N/A       N/A         2

Dungeon Overview and Level Annotations

Branches:
Dungeon (15/15)            Temple (1/1) D:7            Lair (6/6) D:11
  Swamp (4/4) Lair:2       Spider (4/4) Lair:2        Slime (1/5) Lair:5
    Orc (2/2) D:10            Elf (0/3) Orc:2        Vaults (0/5) D:14
 Depths (0/4) D:15        Gauntlet (visited)

Altars:
Ashenzari
Cheibriados
Dithmenos
Elyvilon
Fedhas
Gozag
Hepliaklqana
Kikubaaqudgha
Makhleb
Nemelex Xobeh
Okawaru
Qazlal
Ru
Sif Muna
Trog
Uskayaw
Vehumet
Wu Jian
Xom
Yredelemnul
Zin
The Shining One
Beogh
Jiyva

Shops:
D:11 [   D:15 ?   Orc:2 (=(=

Annotations:
D:4 1 runed translucent door, aSlayers's ghost, amateur KoAM
Swamp:2 3 runed translucent doors, flotson's ghost, adept FoDe
Spider:2 2 transporters, exclusion: 2 orange crystal statues, Arachne; Baxzics's ghost, adept DECj; Ythron's ghost, adept DDFi


Innate Abilities, Weirdness & Mutations

You are immune to sickness and miasma.
Your stone body is resilient. (AC +13)
You are immune to poison.
Your large and strong wings let you fly.
You resist negative energy. (rN+)
You are resistant to electric shocks. (rElec)
You are resistant to unholy torment.
You are immune to petrification.


Message History

The barrage of energy hits the shambling mangrove but does no damage.
The shambling mangrove is almost destroyed.
The shambling mangrove is engulfed in a cloud of scalding steam.
Angry insects surge out from beneath the shambling mangrove's foliage!
The grasping roots constrict you!
The tyrant leech is engulfed in a cloud of scalding steam.
Unknown command.
You escape the roots' grasp.
The swamp worm is engulfed in a cloud of scalding steam.
The swamp worm fires a harpoon shot at you.
The harpoon shot hits you!
You stop ascending the stairs.
You are yanked forward by the harpoon shot.
Roots burst forth from the earth!
The grasping roots grab you! The grasping roots constrict you!
* * * LOW HITPOINT WARNING * * *
The tyrant leech is engulfed in a cloud of scalding steam.
The swamp worm is engulfed in a cloud of scalding steam.
The swamp worm bites you.
* * * LOW HITPOINT WARNING * * *
You are confused.
You feel invigorated.
The hornet is engulfed in a cloud of scalding steam.
The grasping roots constrict you!
* * * LOW HITPOINT WARNING * * *
The swamp worm is engulfed in a cloud of scalding steam.
You kill the swamp worm!
Vehumet accepts your kill.
The hornet is engulfed in a cloud of scalding steam.
The hornet stings you.
* * * LOW HITPOINT WARNING * * *
You are too confused!
Okay, then.
You barely miss the alligator.
The hornet is engulfed in a cloud of scalding steam. x2
The hornet stings you but does no damage.
The hornet barely misses you.
The alligator is engulfed in a cloud of scalding steam.
The alligator puts on a burst of speed!
The grasping roots constrict you!
You die...

♣♣♣♣ ♣♣♣♣ ♣≈≈≈♣♣♣≈≈≈♣
♣≈≈≈§§§≈≈≈♣♣ ♣≈§§§≈§..≈§♣♣
♣♣♣♣♣♣♣♣≈§y§≈...≈≈.♣
♣≈≈≈.≈.≈≈§*y<§).§≈≈♣ ♣♣
♣≈≈≈..≈..t@yfw.§≈≈.≈♣
♣.#####≈≈§.....[≈§#####≈≈.♣
#≈≈.P.###..[#.####..?##≈≈.
♣#....P..........#....(# ≈.
♣..≈≈..#.8†...†8.#.....# ♣
♣#.P.............#.....#
#...≈..≈8..#.≈..'....##♣ ≈♣
♣≈###.)#..≈##[...#'####≈♣ ♣≈♣
♣≈#≈......≈≈#.......≈..≈♣♣..♣♣♣


You could see a shambling mangrove, an alligator (swift), a tyrant leech, 3
hornets and a friendly battlesphere.

Vanquished Creatures
  Saint Roka (Orc:2)
  Gastronok (Lair:2)
  Frances (Spider:2)
  2 thorn hunters
  A fenstrider witch (Swamp:1)
  3 emperor scorpions
  3 ghost moths
  3 orc warlords
  Aizul (Swamp:1)
  The ghost of Juirae the Grappler, a journeyman TrMo of Wu Jian (Lair:4)
  A minotaur (Gauntlet)
  An entropy weaver (Spider:2)
  3 bunyips (Swamp:2)
  5 spark wasps
  2 eleionomae
  Josephine (Swamp:1)
  20 hydras
  Harold (D:10)
  Erolcha (D:11)
  3 boulder beetles
  A naga warrior (D:15)
  A rakshasa (D:15)
  An ogre mage (D:15)
  5 centaur warriors
  3 catoblepae (Lair:6)
  A ghost crab (Swamp:2)
  Erica (D:11)
  11 alligators
  12 death yaks
  9 two-headed ogres
  3 tengu warriors
  5 orc high priests
  Nergalle (Lair:4)
  A thrashing horror (Gauntlet)
  A soul eater (Gauntlet)
  Sonja (D:11)
  4 goliath frogs
  6 skeletal warriors (D:15)
  7 spriggan druids
  10 swamp dragons
  11 bog bodies
  8 orc knights
  A necromancer (D:15)
  A phantasmal warrior (D:15)
  3 wizards
  Pikel (D:6)
  2 deep elf pyromancers (D:14)
  A deep elf zephyrmancer (D:14)
  6 orc sorcerers
  17 orb spiders
  32 wolf spiders
  6 ugly things (D:14)
  5 moths of wrath
  6 cyclopes
  A fire giant zombie (D:15)
  A stone giant skeleton (D:15)
  5 manticores
  A fire giant skeleton (D:15)
  Joseph (D:11)
  2 torpor snails (Lair:5)
  5 black mambas
  3 gargoyles
  2 minotaur zombies (Gauntlet)
  A spriggan skeleton (D:15)
  12 cane toads
  An unseen horror (D:10)
  Psyche (D:11)
  13 demonic crawlers
  4 rime drakes
  6 komodo dragons
  3 tengu conjurers
  24 jumping spiders
  8 trolls
  2 bloated husks
  2 polar bears
  17 hornets
  2 queen bees (shapeshifter)
  A slime creature (D:14)
  7 blink frogs
  7 tyrant leeches
  12 dream sheep
  A meliai zombie (D:11)
  A centaur simulacrum (D:14)
  68 redbacks
  A spriggan (shapeshifter) (D:14)
  A shadow (D:11)
  2 vampires
  19 spriggans
  6 wraiths
  25 tarantellas
  3 wyverns
  2 fire elementals (Lair:1)
  44 yaks
  4 fire bats (Lair:1)
  11 vampire mosquitoes
  2 wargs (Orc:2)
  9 swamp worms
  3 acid dragons
  10 water moccasins
  2 black bears
  11 swamp drakes
  An ice beast (D:6)
  A sky beast (D:5)
  52 orc warriors
  3 necrophages
  8 wolves
  13 centaurs
  20 ogres
  3 lemures
  2 kobold brigands (D:10)
  A phantom (D:6)
  4 gnoll sergeants (D:10)
  4 small abominations (Gauntlet)
  9 bullfrogs
  4 scorpions
  A water moccasin zombie (D:6)
  2 water moccasin skeletons
  11 killer bees
  16 wights
  8 electric eels
  A howler monkey (D:6)
  6 centaur zombies
  A human zombie (D:6)
  3 bullfrog zombies
  A jelly (D:7)
  36 orc priests
  A gnoll shaman (D:8)
  3 hounds (D:11)
  Crazy Yiuf (D:6)
  A centaur skeleton (D:7)
  31 orc wizards
  3 iguanas
  2 hell rats (Lair:4)
  A scorpion zombie (D:5)
  A killer bee zombie (D:6)
  A mummy (D:6)
  A howler monkey zombie (D:8)
  10 gnolls
  7 river rats
  7 adders
  2 shadow imps (Gauntlet)
  2 ufetubi (D:7)
  A worm (D:2)
  3 dart slugs
  135 orcs
  6 endoplasms
  5 giant cockroaches
  4 goblins
  5 hobgoblins
  5 quokkas
  5 ball pythons
  2 bats
  2 frilled lizards
  3 rats
  8 briar patches (Swamp:3)
1077 creatures vanquished.

Vanquished Creatures (collateral kills)
  A yak (Lair:3)
1 creature vanquished.

Vanquished Creatures (others)
  A bloated husk (Swamp:2)
  A briar patch (Swamp:3)
  2 demonic plants (Gauntlet)
  2 foxfires (Swamp:4)
  107 fulminant prisms
  52 fungi
  55 plants
  8 withered plants (D:15)
228 creatures vanquished.

Grand Total: 1306 creatures vanquished

Notes
Turn   | Place    | Note
-------+----------+-------------------------------------------
     0 | D:1      | ders the Gargoyle Earth Elementalist began the quest for
                  | the Orb.
     0 | D:1      | Reached XP level 1. HP: 10/10 MP: 3/3
   558 | D:1      | Found a faded altar of an unknown god.
   569 | D:1      | Reached skill level 4 in Earth Magic
   569 | D:1      | Reached XP level 2. HP: 16/16 MP: 1/5
  1176 | D:2      | Reached XP level 3. HP: 20/20 MP: 4/6
  1180 | D:2      | Learned a level 3 spell: Stone Arrow
  2055 | D:3      | Reached XP level 4. HP: 24/24 MP: 6/8
  2574 | D:3      | Reached skill level 5 in Earth Magic
  2824 | D:4      | Noticed an ogre
  2828 | D:4      | Killed an ogre
  2829 | D:4      | Reached skill level 1 in Conjurations
  2829 | D:4      | Reached XP level 5. HP: 28/28 MP: 2/10
  3022 | D:4      | Reached XP level 6. HP: 25/33 MP: 6/11
  3101 | D:4      | Noticed aSlayers's ghost (amateur KoAM)
  3105 | D:4      | Found a runed translucent door.
  3667 | D:4      | Reached skill level 6 in Earth Magic
  4132 | D:5      | Entered Level 5 of the Dungeon
  4248 | D:5      | Reached XP level 7. HP: 36/37 MP: 9/13
  4445 | D:5      | Reached skill level 5 in Spellcasting
  4522 | D:5      | Reached skill level 7 in Earth Magic
  5151 | D:6      | Reached XP level 8. HP: 42/42 MP: 12/16
  5273 | D:6      | Noticed a two-headed ogre
  5279 | D:6      | Killed a two-headed ogre
  5280 | D:6      | Reached skill level 8 in Earth Magic
  5423 | D:6      | Reached skill level 9 in Earth Magic
  5448 | D:6      | Reached XP level 9. HP: 42/46 MP: 6/19
  5527 | D:6      | Found an ancient bone altar of Kikubaaqudgha.
  5531 | D:6      | Reached skill level 5 in Conjurations
  5647 | D:6      | Reached skill level 1 in Fighting
  6675 | D:6      | Learned a level 4 spell: Petrify
  6683 | D:6      | Learned a level 4 spell: Sticky Flame
  6868 | D:6      | Found a runed translucent door.
  6869 | D:6      | Noticed Crazy Yiuf
  6980 | D:6      | Killed Crazy Yiuf
  6981 | D:6      | Reached skill level 10 in Earth Magic
  7735 | D:7      | Noticed Pikel
  7824 | D:6      | Reached skill level 1 in Fire Magic
  7962 | D:6      | Killed Pikel
  7963 | D:6      | Reached XP level 10. HP: 22/52 MP: 5/21
  8207 | D:7      | Found a staircase to the Ecumenical Temple.
  8231 | Temple   | Entered the Ecumenical Temple
  8443 | Temple   | Became a worshipper of Vehumet
  8636 | D:7      | Found an ornate altar of the Wu Jian Council.
  9147 | D:7      | Found a shimmering blue altar of Sif Muna.
 10020 | D:8      | Reached skill level 1 in Transmutations
 10116 | D:8      | Reached skill level 11 in Earth Magic
 10495 | D:8      | Reached * piety under Vehumet
 10495 | D:8      | Offered knowledge of Freeze by Vehumet.
 11471 | D:9      | Learned a level 1 spell: Slow
 12220 | D:10     | Entered Level 10 of the Dungeon
 12290 | D:10     | Reached skill level 12 in Earth Magic
 12295 | D:10     | Reached XP level 11. HP: 49/56 MP: 1/24
 12475 | D:10     | Reached ** piety under Vehumet
 12506 | D:10     | Offered knowledge of Scorch by Vehumet.
 12578 | D:10     | Learned a level 4 spell: Hailstorm
 12579 | D:10     | Found a hide-covered altar of Uskayaw.
 12624 | D:10     | Found a hazy altar of Hepliaklqana.
 12640 | D:10     | Reached skill level 1 in Armour
 12860 | D:10     | Found a staircase to the Orcish Mines.
 12940 | D:10     | Reached skill level 13 in Earth Magic
 13024 | D:11     | Offered knowledge of Dazzling Flash by Vehumet.
 13056 | D:11     | Learned a level 3 spell: Dazzling Flash
 13061 | D:11     | Noticed a +3 demon blade
 13062 | D:11     | Noticed Joseph
 13062 | D:11     | Noticed Erica
 13062 | D:11     | Noticed Harold
 13253 | Orc:1    | Entered Level 1 of the Orcish Mines
 13334 | D:10     | Reached skill level 1 in Ice Magic
 13361 | Orc:1    | Noticed an orc knight
 13367 | D:10     | Reached *** piety under Vehumet
 13460 | D:11     | Killed Erica
 13461 | D:11     | Reached skill level 10 in Spellcasting
 13467 | D:10     | Killed Harold
 13536 | D:11     | Killed Joseph
 13555 | D:11     | Noticed a wizard
 13703 | D:11     | Offered knowledge of Fulminant Prism by Vehumet.
 13708 | D:11     | Reached skill level 10 in Conjurations
 13740 | D:11     | Learned a level 4 spell: Fulminant Prism
 13819 | D:11     | Noticed a cyclops
 13831 | D:11     | Killed a cyclops
 13921 | D:11     | Found Ecitonol's Antique Armour Boutique.
 14001 | D:11     | Killed a wizard
 14155 | D:11     | Reached XP level 12. HP: 29/62 MP: 10/26
 14269 | D:11     | Found a staircase to the Lair.
 14305 | D:11     | Noticed a two-headed ogre
 14312 | D:11     | Killed a two-headed ogre
 14419 | D:11     | Reached skill level 1 in Hexes
 14584 | D:11     | Noticed Psyche
 14657 | D:11     | Killed Psyche
 14775 | D:11     | Noticed Erolcha
 14779 | D:11     | Noticed Sonja
 14795 | D:11     | Killed Sonja
 14812 | D:11     | Killed Erolcha
 14910 | Lair:1   | Entered Level 1 of the Lair of Beasts
 14947 | Lair:1   | Reached skill level 14 in Earth Magic
 15206 | Lair:1   | Reached **** piety under Vehumet
 15298 | Lair:1   | Offered knowledge of Airstrike by Vehumet.
 15353 | Lair:1   | Learned a level 8 spell: Lehudib's Crystal Spear
 15434 | Lair:1   | Found a hide-covered altar of Uskayaw.
 16176 | Lair:2   | Found a staircase to the Swamp.
 16266 | Lair:2   | Noticed Gastronok
 16444 | Lair:2   | Found an iron altar of Okawaru.
 16459 | Lair:2   | Noticed a six-headed hydra
 16781 | Lair:3   | Noticed a death yak
 16781 | Lair:3   | Noticed a death yak
 16795 | Lair:3   | Killed a death yak
 16888 | Lair:3   | Noticed a death yak
 16956 | Lair:2   | Reached XP level 13. HP: 58/68 MP: 17/28
 17368 | Lair:2   | Killed Gastronok
 17434 | Lair:2   | Found a hole to the Spider Nest.
 17555 | Lair:3   | Reached skill level 15 in Earth Magic
 17706 | Lair:4   | Noticed Nergalle
 17877 | Lair:3   | Learned a level 5 spell: Yara's Violent Unravelling
 17886 | Lair:4   | Found a transporter.
 17886 | Lair:4   | Found a gate leading to a gauntlet.
 17886 | Lair:4   | Found a transporter.
 18033 | Gauntlet | Entered a Gauntlet
 18033 | Gauntlet | Found a transporter.
 18038 | Gauntlet | Found a transporter.
 18040 | Gauntlet | Found a transporter.
 18066 | Gauntlet | Found a transporter.
 18080 | Gauntlet | Found a runed translucent door.
 18082 | Gauntlet | Found a transporter.
 18084 | Gauntlet | Found a transporter.
 18088 | Gauntlet | Found a runed translucent door.
 18089 | Gauntlet | Found a runed translucent door.
 18092 | Gauntlet | Found a transporter.
 18092 | Gauntlet | Found the +9 heavy crossbow "Sniper" {vorpal, Acc+∞ SInv}
 18108 | Gauntlet | Found a transporter.
 18119 | Gauntlet | Found a transporter.
 18131 | Gauntlet | Found a transporter.
 18132 | Gauntlet | Noticed a quicksilver ooze
 18133 | Gauntlet | Noticed a balrug
 18136 | Gauntlet | Found a transporter.
 18136 | Gauntlet | Found a transporter.
 18160 | Gauntlet | Found a transporter.
 18209 | Gauntlet | Found a transporter.
 18442 | Gauntlet | Identified the +2 pair of gloves of Understanding {rElec
                  | rC- Will+ Slay+2}
 18482 | Gauntlet | Reached ***** piety under Vehumet
 18640 | Gauntlet | Offered knowledge of Lee's Rapid Deconstruction by Vehumet.
 18754 | Gauntlet | Noticed a minotaur
 18762 | Gauntlet | Killed a minotaur
 18813 | Gauntlet | Learned a level 5 spell: Lee's Rapid Deconstruction
 18989 | Lair:4   | Reached skill level 1 in Shields
 19091 | Lair:4   | Noticed Juirae's ghost (journeyman TrMo)
 19177 | Lair:4   | Found a bloodstained altar of Trog.
 19419 | Lair:4   | Identified the +3 mace "Rohacili" {vorpal, *Rage Dex+4}
 19432 | Lair:4   | Killed Nergalle
 19870 | Lair:5   | Found a staircase to the Slime Pits.
 19873 | Lair:5   | Found a viscous altar of Jiyva.
 19904 | Lair:5   | Reached skill level 16 in Earth Magic
 19907 | Lair:5   | Gained mutation: Your large and strong wings let you fly.
                  | [Gargoyle growth]
 19907 | Lair:5   | Reached XP level 14. HP: 67/72 MP: 18/31
 19955 | Lair:5   | Learned a level 1 spell: Apportation
 20509 | Lair:5   | Identified the +7 spear "Igit Roff" {spect, Int+4}
 20638 | Lair:6   | Entered Level 6 of the Lair of Beasts
 20830 | Slime:1  | Entered Level 1 of the Pits of Slime
 20983 | Lair:6   | Offered knowledge of Orb of Destruction by Vehumet.
 21096 | Lair:6   | Learned a level 7 spell: Orb of Destruction
 23216 | Orc:1    | Offered knowledge of Spellforged Servitor by Vehumet.
 23320 | Orc:1    | Noticed an orc warlord
 23363 | Orc:1    | Killed an orc warlord
 23741 | Orc:2    | Entered Level 2 of the Orcish Mines
 24050 | Orc:2    | Reached XP level 15. HP: 79/79 MP: 24/33
 24113 | Orc:2    | Found Zoremag's Jewellery Boutique.
 24121 | Orc:2    | Reached skill level 17 in Earth Magic
 24327 | Orc:2    | Found Lacic's Weapon Shop.
 24751 | Orc:2    | Offered knowledge of Fireball by Vehumet.
 24977 | Orc:2    | Noticed an orc warlord
 24986 | Orc:2    | Killed an orc warlord
 24986 | Orc:2    | Noticed Saint Roka
 25018 | Orc:2    | Killed Saint Roka
 25019 | Orc:2    | Reached skill level 15 in Conjurations
 25215 | Orc:2    | Found Yxeets's Jewellery Boutique.
 25289 | Orc:2    | Found Ujaer's Weapon Shop.
 26195 | Orc:2    | Identified the +6 mace of Mastery {flame, Stlth+}
 26248 | Orc:2    | Found a staircase to the Elven Halls.
 26621 | D:12     | Identified the +6 great mace "Dolerch" {vamp, Fragile Int+6
                  | SInv}
 26919 | D:12     | Noticed an orc warlord
 26948 | D:12     | Offered knowledge of Lightning Bolt by Vehumet.
 27180 | D:12     | Killed an orc warlord
 27594 | D:12     | Identified a scroll of acquirement
 27594 | D:12     | Acquired the +0 staff of Battle
 27594 | D:12     | Found the +0 staff of Battle
 27902 | D:13     | Identified the +0 plate armour of Supple Strength {Contam
                  | Will+++ rCorr Str+4}
 28132 | D:13     | Reached skill level 15 in Spellcasting
 28982 | D:14     | Reached XP level 16. HP: 84/84 MP: 31/35
 28983 | D:14     | Offered knowledge of Iron Shot by Vehumet.
 29034 | D:13     | Learned a level 6 spell: Iron Shot
 29049 | D:14     | Found a gate to the Vaults.
 29618 | D:15     | Entered Level 15 of the Dungeon
 29659 | D:15     | Reached skill level 18 in Earth Magic
 30210 | D:15     | Found Qaic's Magic Scroll Shop.
 30215 | D:15     | Bought a scroll of magic mapping for 45 gold pieces
 30215 | D:15     | Bought a scroll of amnesia for 45 gold pieces
 30215 | D:15     | Bought a scroll of amnesia for 45 gold pieces
 30546 | D:15     | Found a staircase to the Depths.
 30654 | D:15     | Found a hazy altar of Hepliaklqana.
 30755 | D:15     | Found a faded altar of an unknown god.
 31362 | Spider:1 | Entered Level 1 of the Spider Nest
 31530 | Lair:2   | Learned a level 4 spell: Flame Wave
 31931 | Spider:1 | Offered knowledge of Ignition by Vehumet.
 32290 | Spider:1 | Learned a level 8 spell: Ignition
 32679 | Spider:2 | Noticed Frances
 32682 | Spider:2 | Killed Frances
 32769 | Spider:2 | Noticed Baxzics's ghost (adept DECj)
 32772 | Spider:2 | Noticed Arachne
 32776 | Spider:2 | Found a transporter.
 32780 | Spider:2 | Noticed Ythron's ghost (adept DDFi)
 32788 | Spider:2 | Found a transporter.
 34857 | Spider:3 | Reached XP level 17. HP: 88/88 MP: 30/37
 34919 | Spider:3 | Reached skill level 5 in Fire Magic
 35309 | Spider:3 | Reached skill level 19 in Earth Magic
 35547 | Spider:3 | Reached skill level 5 in Armour
 36498 | Spider:4 | Entered Level 4 of the Spider Nest
 37133 | Spider:4 | Reached ****** piety under Vehumet
 37139 | Spider:4 | Offered knowledge of Shatter by Vehumet.
 37139 | Spider:4 | Offered knowledge of Polar Vortex by Vehumet.
 37139 | Spider:4 | Offered knowledge of Maxwell's Capacitive Coupling by
                  | Vehumet.
 38605 | Spider:4 | Got a gossamer rune of Zot
 39278 | Lair:4   | Killed Juirae's ghost
 39475 | Swamp:1  | Entered Level 1 of the Swamp
 39529 | Swamp:1  | Noticed Aizul
 39536 | Swamp:1  | Killed Aizul
 39657 | Swamp:1  | Noticed Josephine
 39664 | Swamp:1  | Killed Josephine
 40277 | Swamp:2  | Reached XP level 18. HP: 51/94 MP: 34/39
 40806 | Swamp:2  | Found a runed translucent gate.
 40807 | Swamp:2  | Found a runed translucent gate.
 40810 | Swamp:2  | Found a runed translucent gate.
 40817 | Swamp:2  | Noticed flotson's ghost (adept FoDe)
 41384 | Swamp:2  | Acquired the ring "Muwa Ala" {Ice Int+3 Dex+8}
 41541 | Swamp:3  | Reached skill level 20 in Earth Magic
 41908 | Swamp:4  | Entered Level 4 of the Swamp
 42735 | Swamp:4  | HP: 4/94 [hornet[a shambling mangrove] (1)]
 42736 | Swamp:4  | Constricted to death by a shambling mangrove

Illustrated notes

Levels and vault maps discovered:
D:1:      minmay_arrival_nine_rooms, layout_basic,
          hellmonk_ecumenical_altar_lost_god, nrook_uturn
D:2:      layout_rooms
D:3:      layout_basic, mrwooster_statue_mirror
D:4:      layout_basic, hellmonk_ghost_happy_afterlife, glass_columns_c,
          hangedman_decor_slide_cut
D:5:      layout_loops_ring
D:6:      layout_cave_pods, lemuel_mausoleum_altar_kikubaaqudgha,
          chequers_avenue, uniq_crazy_yiuf_cottage
D:7:      layout_basic, nzn_wu_jian_contemplation, kennysheep_orc_sif_temple,
          minmay_temple_entry_waves, uniq_pikel
D:8:      layout_basic, minivault_27
D:9:      layout_basic
D:10:     layout_rooms, mainiacjoe_overflow_paths,
          eat_drink_and_be_merry_uskayaw, kennysheep_orc_monster_closet_entryway
D:11:     layout_irregular_city, erik_lair_island, serial_shops,
          nicolae_shop_statue_plus, minmay_holes, sword_in_stone, uniq_psyche,
          uniq_sonja, uniq_erolcha
D:12:     orc_temple, layout_basic, special_room [special_room_orc],
          kennysheep_cross_bottleneck
D:13:     layout_small_grid
D:14:     layout_basic, david_vaults_1, serial_bayou_pond_b,
          minmay_misc_feat_room
D:15:     gammafunk_depths_entry_grave, layout_irregular_city, serial_shops,
          nicolae_shop_stone, minmay_hedge_maze,
          beargit_hepliaklqana_dungeon_heroes
Temple:   minmay_crystal_spiral_temple
Lair:1:   layout_gridlike, basic_altar
Lair:2:   layout_concentric_octagons, skrybe_swamp_entry_bodies,
          spider_nest_entry_webs, basic_altar, uniq_gastronok, uniq_erica
Lair:3:   layout_misc_corridors
Lair:4:   layout_hall_layers, gauntlet_entry_generic,
          gammafunk_ghost_wrathful_warriors, kennysheep_rathole, uniq_nergalle
Lair:5:   layout_regular_city, slime_altar_1
Lair:6:   evilmike_catoblepas_cave, layout_regular_city, grunt_megastairs_4,
          lemuel_fruit_tree, infiniplex_staircase_pool
Swamp:1:  layout_falls_marsh, nicolae_swamp_triple_paths, uniq_josephine,
          uniq_aizul
Swamp:2:  layout_falls_marsh, gammafunk_ghost_necromancy,
          nicolae_swamp_small_spring
Swamp:3:  layout_basic_swamp, nicolae_swamp_treefoil
Swamp:4:  grunt_swamp_rune_castle, layout_basic_swamp,
          ebering_ghost_disaster_area, swamp_pool1, cheibrodos_swamp_pet_leeches
Spider:1: layout_spider_delve
Spider:2: layout_chambers, nzn_ghost_randoct, hangedman_spider_mandibles,
          drop_trap, nicolae_spider_orb_run, uniq_frances, uniq_arachne
Spider:3: layout_chambers
Spider:4: grunt_spider_rune_parallel
Slime:1:  layout_caves
Orc:1:    layout_diamond_mine
Orc:2:    pubby_orc_utopia, uniq_saint_roka

Skill      XL: |  1  2  3  4  5  6  7  8  9 10 11 12 13 14 15 16 17 18 |
---------------+-------------------------------------------------------+-----
Earth Magic    | 4 5 6 7 9 10 12 13 14 16 17 18 19 20 | 20.1
Spellcasting   | 3 4 5 6 7 9 10 11 13 14 15 16 17 | 17.7
Conjurations   | 1 2 3 4 7 8 10 11 12 14 16 17 18 19 | 19.3
Fighting       | 1 2 3 4 |  4.0
Fire Magic     | 2 3 4 7 8 |  8.6
Transmutations | 1 |  1.9
Armour         | 2 3 4 5 |  5.3
Ice Magic      | 1 |  1.1
Hexes          | 2 3 4 |  4.1
Shields        | 3 4 |  4.0
Dodging        | 2 3 |  3.4
Stealth        | 3 |  3.1
Staves         | |  0.6

Action                   |  1- 3 |  4- 6 |  7- 9 | 10-12 | 13-15 | 16-18 || total
-------------------------+-------+-------+-------+-------+-------+-------++-------
Melee: Unarmed           |     1 |       |       |       |       |       ||     1
       Staff             |       |       |       |     8 |     7 |    26 ||    41
 Cast: Sandblast         |    48 |    53 |    25 |    55 |    66 |    51 ||   298
       Stone Arrow       |       |     2 |    93 |   327 |   692 |    10 ||  1124
       Sticky Flame      |       |       |     1 |     1 |       |       ||     2
       Petrify           |       |       |       |    12 |     8 |       ||    20
       Dazzling Flash    |       |       |       |    19 |    12 |       ||    31
       Hailstorm         |       |       |       |     9 |       |       ||     9
       Fulminant Prism   |       |       |       |    17 |    66 |    24 ||   107
       Slow              |       |       |       |     1 |       |       ||     1
       Lee's Rapid Decon |       |       |       |       |     2 |       ||     2
       Orb of Destructio |       |       |       |       |    31 |    44 ||    75
       Yara's Violent Un |       |       |       |       |     1 |       ||     1
       Lehudib's Crystal |       |       |       |       |     1 |       ||     1
       Iron Shot         |       |       |       |       |       |   382 ||   382
       Flame Wave        |       |       |       |       |       |    27 ||    27
       Apportation       |       |       |       |       |       |     1 ||     1
Evoke: Wand              |       |       |       |     3 |       |       ||     3
  Use: Scroll            |       |       |       |    26 |    12 |    12 ||    50
       Potion            |       |       |       |     5 |     3 |     9 ||    17
 Stab: Petrified         |       |       |       |     7 |       |       ||     7
Armor: Robe              |     8 |     2 |    12 |    16 |       |    24 ||    62
       Troll leather arm |       |       |       |   112 |   180 |   213 ||   505
Dodge: Dodged            |    11 |    22 |    28 |   279 |   322 |   241 ||   903
Block: Buckler           |       |       |       |       |    75 |   147 ||   222
       Reflection        |       |       |       |       |       |     1 ||     1

Table legend: (Time is in decaauts)
 A = Elapsed time spent in this place.
 B = Non-inter-level travel time spent in this place.
 C = Inter-level travel time spent in this place.
 D = Time resting spent in this place.
 E = Time spent auto-exploring this place.
 F = Levels seen in this place.
 G = Mean time per level.
                   A        B        C        D        E       F      G
               +--------+--------+--------+--------+--------+-----+--------+
         Total |  42876 |  39502 |   3374 |  15490 |  16706 |  34 | 1261.1 |
       Dungeon |  19556 |  18396 |   1160 |   7418 |   8233 |  15 | 1303.7 |
        Temple |    297 |    213 |     84 |     82 |    112 |   1 |  297.0 |
          Lair |   7949 |   6774 |   1175 |   2134 |   3132 |   6 | 1324.8 |
         Swamp |   3227 |   3082 |    145 |   1369 |   1144 |   4 |  806.8 |
   Spider Nest |   7461 |   6937 |    524 |   3149 |   2724 |   4 | 1865.2 |
    Slime Pits |      1 |      1 |      0 |      0 |      0 |   1 |    1.0 |
  Orcish Mines |   3443 |   3159 |    284 |   1057 |   1202 |   2 | 1721.5 |
      Gauntlet |    938 |    938 |      0 |    281 |    159 |   1 |  938.0 |
               +--------+--------+--------+--------+--------+-----+--------+

Top non-repeatable levels by time:
     D:6: 2683 daAuts
   Orc:2: 2653 daAuts
Spider:3: 2457 daAuts
Spider:2: 2323 daAuts
Spider:4: 1981 daAuts
  Lair:6: 1860 daAuts
     D:8: 1676 daAuts
  Lair:2: 1632 daAuts
    D:10: 1521 daAuts
    D:15: 1464 daAuts
    D:11: 1440 daAuts
     D:7: 1404 daAuts
 Swamp:3: 1350 daAuts
     D:4: 1318 daAuts
  Lair:5: 1315 daAuts
